Cogmind - Beta 13 @@@ ROGUE MODE // 2024.06.28 @ 22:51:51 Player: CONM Result: Self-destructed Performance ------------- Evolutions (2) 1000 Regions Visited (5) 1000 Robots Destroyed (22) 110 Value Destroyed (745) 745 Prototype IDs (23) 460 Alien Tech Used (0) 0 Bonus (70) 70 TOTAL SCORE: 3385 Bonus ------- Follower Combat Kills 70 Cogmind --------- Core Integrity 395/550 Matter 300/300 Energy 100/100 System Corruption 0% Temperature Cool (0) Movement Treading (240) Ox1 Location -8/Materials Parts ------- > --- POWER (1) -------- (None) > --- PROPULSION (4) --- Light Treads > --- UTILITY (4) ------ Heat Sink Large Storage Unit > --- WEAPON (2) ------- AWS/Thermal > --- INVENTORY (15) --- Light Ion Engine Light Ion Engine Wheel Compact Wheel Coolant Injector Coolant Injector Small Storage Unit Medium Matter Pod (100) Shield Generator EM Pulse Gun EM Pulse Gun Heavy EM Pulse Gun Gatling Laser Light Assault Rifle Heavy Assault Rifle Peak State ------------ > --- POWER ------------ Improved Ion Engine > --- PROPULSION ------- Light Treads Light Treads Light Treads > --- UTILITY ---------- Heat Sink Large Storage Unit Seismic Detector Targeting Computer > --- WEAPON ----------- AWS/Thermal > --- INVENTORY -------- Light Ion Engine Light Ion Engine Wheel Compact Wheel Coolant Injector Coolant Injector Small Storage Unit Medium Matter Pod Shield Generator EM Pulse Gun EM Pulse Gun Heavy EM Pulse Gun Gatling Laser Light Assault Rifle Heavy Assault Rifle [Rating: 27] Favorites ----------- Power Ion Engine Engine Ion Engine Propulsion Light Treads Treads Light Treads Utility Seismic Detector Device Seismic Detector Storage Large Storage Unit Processor Targeting Computer Weapon Medium Laser Energy Gun Medium Laser Build | -11 -10 -10 -10 -9 -8 ------- Run | Yrd Mat Min Exi Min Mat Slots Evolved 4 | . . . . . 4 Power . | . . . . . . Propulsion 2 | . . . . . 2 Utility 2 | . . . . . 2 Weapon . | . . . . . . Parts Attached 14 | 7 1 . . 1 5 Power 2 | 1 . . . . 1 Engine 2 | 1 . . . . 1 Core . | . . . . . . Reactor . | . . . . . . Propulsion 4 | 2 . . . . 2 Treads 4 | 2 . . . . 2 Leg . | . . . . . . Wheel . | . . . . . . Hover . | . . . . . . Flight . | . . . . . . Utility 5 | 2 1 . . . 2 Device 2 | 1 . . . . 1 Storage 2 | 1 1 . . . . Processor 1 | . . . . . 1 Hackware . | . . . . . . Protection . | . . . . . . Artifact . | . . . . . . Weapon 3 | 2 . . . 1 . Energy Gun 3 | 2 . . . 1 . Energy Cannon . | . . . . . . Ballistic Gun . | . . . . . . Ballistic Cannon . | . . . . . . Launcher . | . . . . . . Special Weapon . | . . . . . . Impact Weapon . | . . . . . . Slashing Weapon . | . . . . . . Piercing Weapon . | . . . . . . Special Melee Weapon . | . . . . . . Unidentified Prototypes . | . . . . . . Parts Lost 5 | . . . . . 5 Power 1 | . . . . . 1 Propulsion 2 | . . . . . 2 Utility 2 | . . . . . 2 Weapon . | . . . . . . Highest Loss Streak 5 | . . . . . 5 To Critical Strikes . | . . . . . . Average Slot Usage (%) 86 | . 100 100 74 82 71 Engine 13 | . 14 14 14 14 9 Treads 27 | . 28 28 28 28 18 Device 14 | . 14 14 14 14 17 Storage 13 | . 14 14 14 14 9 Energy Gun 15 | . 28 28 2 11 9 Naked Turns . | . . . . . . Heaviest Build 37 | 15 30 30 30 34 37 Greatest Support 60 | 40 40 40 40 40 60 Greatest Overweight (x) 1 | 1 . . . . 1 Average Overweight (x) . | . . . . . . Largest Inventory Capacity 15 | 8 15 15 15 15 15 Average Capacity 14 | 7 13 15 15 15 15 Most Carried 15 | 3 13 13 15 15 15 Average Carried 11 | 2 5 13 14 14 14 Final Capacity 15 | 8 15 15 15 15 15 Final Carried 15 | 3 13 13 15 15 15 Class Distribution -------------------- 93% | Mutant 6% | Commander-Mutant Dominant Class ---------------- Mutant | -10/Materials Mutant | -10/Mines Mutant | -10/Exiles Mutant | -9/Mines Mutant | -8/Materials Resources | -11 -10 -10 -10 -9 -8 ----------- Run | Yrd Mat Min Exi Min Mat Matter Collected 483 | 177 113 . . 148 45 Remotely . | . . . . . . Salvage Created 841 | 25 251 . . 133 432 Parts 45 | 2 10 . . 5 28 Haulers Intercepted 1 | . 1 . . . . Recyclers Shooed . | . . . . . . Parts Field Recycled . | . . . . . . Retrieved Matter . | . . . . . . Parts Self-Destructed . | . . . . . . Prevented . | . . . . . . Kills | -11 -10 -10 -10 -9 -8 ------- Run | Yrd Mat Min Exi Min Mat Combat Hostiles Destroyed 19 | . 7 . . 4 8 Guns 19 | . 7 . . 4 8 Classes Destroyed 9 | 1 3 . . 1 4 Tunneler 1 | 1 . . . . . Hauler 1 | . 1 . . . . Watcher 1 | . . . . . 1 Swarmer 4 | . 4 . . . . Grunt 9 | . 3 . . 3 3 Duelist 1 | . . . . . 1 Sentry 3 | . . . . . 3 Demolisher 1 | . . . . 1 . Hunter 1 | . . . . . 1 Best Kill Streak 6 | 1 2 . . 3 6 Combat Bots Only 6 | . 2 . . 3 6 Max Kills in Single Turn 1 | 1 1 . . 1 1 Gunslinging . | . . . . . . Exploded . | . . . . . . Melee . | . . . . . . Uniques/NPCs Destroyed . | . . . . . . Combat | -11 -10 -10 -10 -9 -8 -------- Run | Yrd Mat Min Exi Min Mat Hostile Shots Fired 88 | . 37 . . 6 45 Missed 27 | . 10 . . 2 15 Damage Taken 1076 | . 286 . . 81 709 Core 258 | . 73 . . 30 155 Absorbed by Shields . | . . . . . . Core Remaining (%) 79 | 100 . . . 58 . Volleys Fired 32 | 3 28 1 . . . Largest 2 | 2 2 2 . . . Hottest 100 | 100 100 100 . . . Shots Fired 131 | 6 56 2 1 8 58 Gun 131 | 6 56 2 1 8 58 Cannon . | . . . . . . Launcher . | . . . . . . Special . | . . . . . . Kinetic . | . . . . . . Thermal 131 | 6 56 2 1 8 58 Explosive . | . . . . . . Electromagnetic . | . . . . . . Robot Hit Streak 22 | 2 11 . 1 9 22 Robot Miss Streak 2 | 1 2 2 . . 2 Penetration Max . | . . . . . . Secondary Targets . | . . . . . . Autonomous 66 | . . . . 8 58 Shots Hit Robots 100 | 4 36 . 1 8 51 Core Hits 34 | 1 13 . . 4 16 Critical Kills . | . . . . . . Critical Parts Destroyed . | . . . . . . Critical Strikes 4 | . 4 . . . . Burn 4 | . 4 . . . . Melee Attacks . | . . . . . . Impact . | . . . . . . Slashing . | . . . . . . Piercing . | . . . . . . Sneak Attacks . | . . . . . . Combat Hostiles . | . . . . . . Follow-up Attacks . | . . . . . . Damage Inflicted 2128 | 51 447 . 13 207 1410 Guns 2128 | 51 447 . 13 207 1410 Cannons . | . . . . . . Explosions . | . . . . . . Melee . | . . . . . . Ramming . | . . . . . . Kinetic . | . . . . . . Thermal 2128 | 51 447 . 13 207 1410 Explosive . | . . . . . . Electromagnetic . | . . . . . . Impact . | . . . . . . Slashing . | . . . . . . Piercing . | . . . . . . Highest Corruption 2 | . 2 2 2 2 . Average Corruption 2 | . 2 2 2 2 . Corruption Purged . | . . . . . . Corruption Blocked . | . . . . . . Effects 22 | . 7 2 7 6 . Message Errors 2 | . 1 . 1 . . Matter Fused 7 | . 1 1 2 3 . Heat Flow Errors 2 | . 1 . . 1 . Energy Discharges 3 | . . 1 2 . . Data Loss (minor) 4 | . 3 . . 1 . Misfires 1 | . . . 1 . . Alerts 3 | . 1 . 1 1 . Overload Shots . | . . . . . . Overflow Damage . | . . . . . . Projectiles . | . . . . . . Explosions . | . . . . . . Melee . | . . . . . . Knockbacks . | . . . . . . Impact . | . . . . . . Kinetic . | . . . . . . Secondary . | . . . . . . Self-Inflicted Damage . | . . . . . . Shots . | . . . . . . Rammed . | . . . . . . Targets Rammed . | . . . . . . Kicked . | . . . . . . Crushed . | . . . . . . Highest Temperature 375 | 78 375 39 12 130 . Average Temperature 122 | 33 138 20 9 73 . Received Heat Transfer 324 | . 96 . . 21 207 Effects 1 | . 1 . . . . Shutdowns 1 | . 1 . . . . Siege Activations . | . . . . . . Robots Corrupted . | . . . . . . Combat Hostiles . | . . . . . . Parts Fried . | . . . . . . Impact Corruptions . | . . . . . . Robots Melted . | . . . . . . Combat Hostiles . | . . . . . . Parts Melted 8 | . 5 . . 2 1 Heat Transferred 3885 | 148 1628 . 37 259 1813 Parts Sabotaged . | . . . . . . Parts Stolen . | . . . . . . Parts Stripped . | . . . . . . Power Chain Reactions . | . . . . . . Alert | -11 -10 -10 -10 -9 -8 ------- Run | Yrd Mat Min Exi Min Mat Peak Influence 294 | 5 155 21 . 106 294 Initial 21 | . 3 21 . . . Average 40 | . 47 21 . 35 78 Maximum Alert Level 1 | . . . . . 1 Low Security (%) 98 | 100 100 100 . 100 84 Level 1 1 | . . . . . 15 Level 2 . | . . . . . . Level 3 . | . . . . . . Level 4 . | . . . . . . Level 5 . | . . . . . . High Security . | . . . . . . Max Security . | . . . . . . Squads Dispatched 2 | . . . . . 2 Investigation . | . . . . . . Extermination . | . . . . . . Reinforcement 2 | . . . . . 2 Assault . | . . . . . . Garrison . | . . . . . . Intercept . | . . . . . . Searches Triggered . | . . . . . . Construction Impeded . | . . . . . . Haulers Reinforced . | . . . . . . Active Scanning Responses . | . . . . . . Cargo Convoy Interrupts . | . . . . . . Stealth | -11 -10 -10 -10 -9 -8 --------- Run | Yrd Mat Min Exi Min Mat Distress Signals 1 | . 1 . . . . Communications Jammed . | . . . . . . Distress Signals . | . . . . . . Times Spotted 31 | . 12 . . 3 16 Peak Tracking Total 7 | . 3 . . 2 7 Tactical Retreats 1 | . 1 . . . . Traps | -11 -10 -10 -10 -9 -8 ------- Run | Yrd Mat Min Exi Min Mat Traps Triggered 1 | . 1 . . . . Indirectly . | . . . . . . Trap Hack Attempts . | . . . . . . Triggered . | . . . . . . Disarmed . | . . . . . . Reprogrammed . | . . . . . . Reused . | . . . . . . Traps Extracted . | . . . . . . Installed . | . . . . . . Triggered . | . . . . . . Machines | -11 -10 -10 -10 -9 -8 ---------- Run | Yrd Mat Min Exi Min Mat Machines Disabled 1 | . . . . . 1 Max in Single Turn 1 | . . . . . 1 Machines Repaired . | . . . . . . Machines Dismantled . | . . . . . . Machines Sabotaged . | . . . . . . Overloaded Fab Kills . | . . . . . . Hacking | -11 -10 -10 -10 -9 -8 --------- Run | Yrd Mat Min Exi Min Mat Machines Accessed 8 | . 6 . 2 . . Terminals 6 | . 6 . . . . Fabricators . | . . . . . . Repair Stations . | . . . . . . Recycling Units . | . . . . . . Scanalyzers . | . . . . . . Garrison Access . | . . . . . . Total Hacks 14 | . 12 . 2 . . Successful 6 | . 4 . 2 . . Failed 8 | . 8 . . . . Catastrophic 2 | . 2 . . . . Database Lockouts . | . . . . . . Manual 7 | . 6 . 1 . . Terminals 12 | . 12 . . . . Fabricators . | . . . . . . Repair Stations . | . . . . . . Recycling Units . | . . . . . . Scanalyzers . | . . . . . . Garrison Access . | . . . . . . Terminal Hacks 6 | . 4 . 2 . . Record 1 | . . . 1 . . Terminal Index 1 | . 1 . . . . Hauler Manifests 1 | . 1 . . . . Zone Layout 2 | . 2 . . . . Derelict Proto ID Bank 1 | . . . 1 . . Fabricator Hacks . | . . . . . . Repair Station Hacks . | . . . . . . Recycling Unit Hacks . | . . . . . . Scanalyzer . | . . . . . . Garrison Access Hacks . | . . . . . . Unauthorized Hacks . | . . . . . . Terminals . | . . . . . . Fabricators . | . . . . . . Repair Stations . | . . . . . . Recycling Units . | . . . . . . Scanalyzers . | . . . . . . Garrison Access . | . . . . . . Data Cores Recovered . | . . . . . . Used . | . . . . . . Hacking Detections 6 | . 6 . . . . Full Trace Events . | . . . . . . Feedback Events . | . . . . . . Feedback Blocked . | . . . . . . Robot Schematics Acquired . | . . . . . . Robots Built . | . . . . . . Authchips . | . . . . . . Time . | . . . . . . Total Robot Build Rating . | . . . . . . Part Schematics Acquired . | . . . . . . Parts Built . | . . . . . . Authchips . | . . . . . . Time . | . . . . . . Total Part Build Rating . | . . . . . . Parts Repaired . | . . . . . . Time . | . . . . . . Parts Recycled . | . . . . . . Recycled Matter . | . . . . . . Retrieved Matter . | . . . . . . Retrieved Components . | . . . . . . Parts Scanalyzed . | . . . . . . Part Schematics Acquired . | . . . . . . Parts Damaged . | . . . . . . Bothacking | -11 -10 -10 -10 -9 -8 ------------ Run | Yrd Mat Min Exi Min Mat Used RIF Installer . | . . . . . . Robots Hacked . | . . . . . . Non-combat . | . . . . . . Combat . | . . . . . . Robot Hacks Applied . | . . . . . . Relay Couplers Released . | . . . . . . Fabnet Peak Effective % . | . . . . . . Robots Rewired 4 | . . . 4 . . Allies Hacked . | . . . . . . Hacks Repelled . | . . . . . . Allies | -11 -10 -10 -10 -9 -8 -------- Run | Yrd Mat Min Exi Min Mat Total Allies 6 | . . . 4 2 . Largest Group 4 | . . . 4 4 2 Highest-Rated Group 46 | . . . 45 46 46 Highest-Rated Ally 31 | . . . 21 31 31 Total Orders . | . . . . . . Ally Attacks 28 | . . . . 10 18 Total Damage 402 | . . . . 117 285 Kills 2 | . . . . . 2 Allies Corrupted . | . . . . . . Allies Melted . | . . . . . . Intel | -11 -10 -10 -10 -9 -8 ------- Run | Yrd Mat Min Exi Min Mat Robot Analysis Total . | . . . . . . Derelict Logs Recovered 1 | . . . . 1 . Drone Launches . | . . . . . . Drone Recoveries . | . . . . . . Exploration | -11 -10 -10 -10 -9 -8 ------------- Run | Yrd Mat Min Exi Min Mat Turns Passed 2217 | 144 609 178 486 585 215 Spaces Moved 1267 | 81 321 110 281 355 119 Core 7 | 7 . . . . . Treads 1260 | 74 321 110 281 355 119 Legs . | . . . . . . Wheels . | . . . . . . Hover . | . . . . . . Flight . | . . . . . . Fastest Speed 50 | 50 160 160 160 160 160 Average Speed 159 | 151 160 160 160 160 160 Slowest Speed 240 | 160 160 160 160 160 240 Overloaded Moves . | . . . . . . Propulsion Burnouts . | . . . . . . Robots Hopped . | . . . . . . Cave-ins Triggered . | . . . . . . Exploration Rate (%) 41 | 7 57 18 70 79 16 Regions Visited 5 Branch Regions 3 Pre-discovered Areas 3 | . . . 1 2 . Known Exits Taken . | . . . . . . Unknown Exits Taken 5 | 1 1 1 1 1 . Scrap Searched 1 | . . . . 1 . Spaces Dug . | . . . . . . Terrain Destroyed 9 | . . . . 1 8 Melee . | . . . . . . Projectile 9 | . . . . 1 8 AOE . | . . . . . . Terrain Rammed . | . . . . . . Walls Destroyed . | . . . . . . Machines Disabled . | . . . . . . Actions | -11 -10 -10 -10 -9 -8 --------- Run | Yrd Mat Min Exi Min Mat Total 1399 | 93 360 110 320 372 144 Wait 28 | . 2 . . 15 11 Move 1262 | 80 320 109 280 354 119 Hop . | . . . . . . Pick Up 20 | 3 9 . 1 2 5 Fast Attach 9 | 7 . . . . 2 Attach 3 | . . . . 1 2 Detach 2 | . . . 2 . . Swap 2 | . 1 . . . 1 Drop 6 | . . . 2 . 4 Fire 32 | 3 28 1 . . . Melee . | . . . . . . Ram . | . . . . . . Kick . | . . . . . . Crush . | . . . . . . Escape Stasis . | . . . . . . Rewire 35 | . . . 35 . . Trap . | . . . . . . Miscellaneous . | . . . . . . Route ------- -11/Scrapyard -10/Materials (discovered 2 exits: [*Mat] / [*Min]) -10/Mines -10/Exiles (discovered 2 exits: [*Min x2]) -9/Mines -8/Materials (discovered 1 exit: [*Fac]) History --------- Turn | Location | Event 18 | -11/Scrapyard | Discovered new exit (range 16) 145 | -11/Scrapyard | Entered Materials 302 | -10/Materials | Build established: Mutant 472 | -10/Materials | Discovered new exit (range 16) 699 | -10/Materials | Discovered new exit (range 11) 754 | -10/Materials | Entered Mines 808 | -10/Mines | Met a Derelict bent on vengeance 925 | -10/Mines | Deemed a non-threat by the Exiles lab entrance 925 | -10/Mines | Discovered new exit (range 5) 932 | -10/Mines | Entered Exiles 932 | -10/Exiles | Found Exiles lab destroyed 953 | -10/Exiles | Discovered new exit (range 15) 1147 | -10/Exiles | Learned location of Zion (-7) 1235 | -10/Exiles | Opened EX-Vault 1250 | -10/Exiles | Found AWS/Thermal 1406 | -10/Exiles | Discovered new exit (range 10) 1418 | -10/Exiles | Entered Mines 1418 | -9/Mines | Accompanied by 4 allies 1556 | -9/Mines | Lost 4 allies 1585 | -9/Mines | Assembled infested the area 1881 | -9/Mines | Learned location of Storage (-8) 1981 | -9/Mines | Discovered new exit (range 7) 2003 | -9/Mines | Entered Materials 2003 | -8/Materials | Accompanied by 2 allies 2003 | -8/Materials | Evolved 4 slots: Propulsion x2, Utility x2 2008 | -8/Materials | Led the pair of lost Derelicts to an unsafe place 2207 | -8/Materials | Discovered new exit (range 12) 2218 | -8/Materials | Self-destructed Last Messages --------------- 02212_ Seismic Detector destroyed. 02212_ Lgt. Treads blasted off. 02214_ Targeting Computer destroyed. 02214_ Lgt. Treads destroyed. 02214_ Imp. Ion Engine destroyed. 02215_ Slug penetrates Wall. 02216_ G-47 Trooper destroyed. 02216_ K-01 Serf collects debris. 02216_ Penetrated by Slug. 02216_ Nuclear Reactor explodes. 02216_ U-05 Engineer destroyed. 02216_ K-01 Serf destroyed. 02216_ U-05 Engineer destroyed. 02216_ R-06 Scavenger destroyed. 02216_ Backup Plating I tumbles out of repair station. 02216_ Backup Laser I tumbles out of repair station. 02216_ Backup Power I tumbles out of repair station. Map ----- +----------------------------------------------------+ | | | | | | | | | ?????????????????????????????????????????????????? | | ?????????????????????????????????????????????????? | | ?????????????????????????????????????????????????? | | ?????????????????????????????????????????????????? | | ?????????????????????????????????????????????????? | | ?????????????????????????????????????????????????? | | ?????????????????????????????????????????????????? | | ?????????????????????????????????????????????????? | | ?????????????????????????????????????????????????? | | ???????????????????????#####?????????????????????? | | ??????????????????????? #?????????????????????? | | ???????????????????????# H #?????????????????????? | | ???????????????????????# #?????????????????????? | | ???????????????????????# +?????????????????????? | | ???????????????????????# #?????????????????????? | | ???????????????????????# #?????????????????????? | | ??????????????????????## ##????????????????????? | | ??????????????????????# #????????????????????? | | ???????????# ?????????# #????????????????????? | | ???????????# #####r% ##########???????????? | | ?????????? mg h ???????? | | ?????????????????###; @ ######??????????????? | | ???????????????????## == #?????????????????? | | ???????????????????# [ !%% #?????????????????? | | ?????????????????[ # !!!% #?????????????????? | | ??????????????? ??# *!r% #?????????????????? | | ????????????? ????# * !=!% #####?????????????? | | ???????????? ??????# = =%!!/x[ +?????????????? | | ????????????????????# !"[[[###* #?????????????? | | ????????????????????## %=#?? #?????????????? | | ?????????????????????# """*#?? +?????????????? | | ?????????????????????# u#?# #??????????????? | | ?????????????????????########/#?# #??????????????? | | ????????????????????????????# #?# #??????????????? | | ????????????????????????????# #?# #??????????????? | | ????????????????????????????# ### ##########?????? | | ???????????????#####+######## ###% #?????? | | ???????????? % % ##+##### #?????? | | ???????????? ! # #?# #?????? | | ???????????? % %+ ###/######? | | ?????????????#######/########+##### #[ #? | | ????????????????????????# [ ## # #? | | ????????????????????????# """ ## # """ ## | | ????????????????????????# """ ## # """ # | | ???????????????????????# """ ## # """ + | | ???????????????????????## ## # """ # | +----------------------------------------------------+ Best States ------------- Heat Dissipation 41 Energy Generation 12 Energy Capacity 265 Matter Stores 300 Matter Capacity 300 Sight Range 16 Terrain Scan Density 10 Evasion (%) 40 Targeting Accuracy 5 Recoil Reduction 3 Item Schematics ----------------- None Robot Schematics ------------------ None Fabricated ------------ Nothing Alien Tech Used ----------------- None Achievements -------------- None Challenges ------------ None Game ------ Seed GrenadeThrusterSplitter Manual? 0 Play Time 00:19:26 Cumulative 40.2 hours Start 2024.06.27 @ 23:21:00 End 2024.06.28 @ 22:51:51 Sessions 1 Manual Loads 0 Difficulty Rogue Special Mode None Game No. 62 Rogue 62 Adventurer 0 Explorer 0 Win Type - Total 0 Types 0/0/0/0/0/0/0/0/0 Lore% 26 Gallery% 27 Achievement% 29 Wizard Run 0 Options --------- Layout 1 ASCII 0 Keyboard 0 Movement Arrows Keybinds 0 Fullscreen 1 Font 24/Crisp Map View 50x40 Zoom Use 0% Tactical HUD 1 Map Filters NONE Filters NONE Steam 1 RUN: e5437c18-4110-4624-b144-90819ab5f5dc